 Dungeon Crawl Stone Soup version 0.18-a0-721-g8fc53f4 (webtiles) character file.

11013 Ijustatesigmund the Covert (level 11, -2/70 HPs)
             Began as an Octopode Wizard on Dec 8, 2015.
             Was a High Priest of Cheibriados.
             Slain by a minotaur
             ... wielding a +5 lightning rod (0/14)
              (22 damage)
             ... in a labyrinth.
             The game lasted 01:15:16 (11745 turns).

Ijustatesigmund the Covert (Octopode Wizard)       Turns: 11745, Time: 01:15:16

Health: -2/70      AC:  7    Str: 20    XL:     11   Next: 71%
Magic:  3/22       EV: 17    Int: 35    God:    Cheibriados [*****.]
Gold:   420        SH:  0    Dex: 21    Spells: 8 memorised, 5 levels left

rFire  + . .     SeeInvis .     h - +2 short sword (holy)
rCold  + . .     Clarity  .     (no shield)
rNeg   . . .     SustAt   +     a - +2 hat
rPois  +         Gourm    .     f - amulet of regeneration
rElec  +         Spirit   .     o - ring of sustain attributes
rCorr  +         Dismiss  .     H - ring of wizardry
rMut   .         Stasis   .     n - +3 ring of evasion
MR     .....                    (no ring)
Stlth  +++++++...               (no ring)
                                (no ring)
                                (no ring)
                                (no ring)

@: resistant (expiring), very slow, not resistant to hostile enchantments,
extremely stealthy
A: almost no armour, amphibious, 8 rings, constrict 8, tentacle spike 1, rough
black scales 1, camouflage 1, gelatinous body 1, MP-powered wands
a: Bend Time, Temporal Distortion, Slouch, Step From Time, Renounce Religion


You were in a labyrinth.
You worshipped Cheibriados.
Cheibriados was extremely pleased with you.
You were very full.

You visited 1 branch of the dungeon, and saw 11 of its levels.
You also visited: Labyrinth.

You collected 519 gold pieces.
You spent 99 gold pieces at shops.

Inventory:

Hand Weapons
 h - a +2 short sword of holy wrath (weapon)
 j - a +2 dagger of freezing
 m - the +6 hand axe "Veboeh" {freeze, +Blink}
   (You found it on level 4 of the Dungeon)

   It has been specially enchanted to freeze those struck by it, causing extra
   injury to most foes and up to half again as much damage against particularly
   susceptible opponents.
   It can also slow down cold-blooded creatures.
   It lets you blink.
 C - a +3 dagger
 N - a +2 hunting sling of evasion
Missiles
 k - a throwing net (quivered)
 I - 5 silver tomahawks
Armour
 a - a +2 hat (worn)
Jewellery
 f - an amulet of regeneration (around mantle)
 n - a +3 ring of evasion (on tentacle)
 o - a ring of sustain attributes (left tentacle)
 s - an uncursed ring of teleportation
 H - a ring of wizardry (right tentacle)
Wands
 g - a wand of draining (6)
 q - a wand of flame (3)
 G - a wand of draining (8)
 M - a wand of confusion (41)
 O - a wand of cold (5)
 P - a wand of teleportation (2)
Scrolls
 l - 2 scrolls of recharging
 u - a scroll of fog
 v - 5 scrolls of remove curse
 w - 2 scrolls of immolation
 F - a scroll of brand weapon
 J - a scroll of enchant weapon
 K - 3 scrolls of amnesia
 L - a scroll of enchant armour
 R - a scroll of silence
Potions
 e - a potion of mutation
 i - 2 potions of curing
 E - 4 potions of brilliance
Books
 b - a book of Minor Magic

   Spells                             Type                      Level
   a - Magic Dart                     Conjuration                  1
   b - Blink                          Translocation                2
   c - Call Imp                       Summoning                    2
   d - Repel Missiles                 Charms/Air                   2
   e - Slow                           Hexes                        2
   f - Conjure Flame                  Conjuration/Fire             3
   g - Mephitic Cloud                 Conjuration/Poison/Air       3
 r - a book of Clouds

   Spells                             Type                      Level
   a - Mephitic Cloud                 Conjuration/Poison/Air       3
   b - Conjure Flame                  Conjuration/Fire             3
   c - Poisonous Cloud                Conjuration/Poison/Air       6
   d - Freezing Cloud                 Conjuration/Ice/Air          6
   e - Ring of Flames                 Charms/Fire                  7
 t - a book of Cantrips

   Spells                             Type                      Level
   a - Corona                         Hexes                        1
   b - Animate Skeleton               Necromancy                   1
   c - Summon Small Mammal            Summoning                    1
   d - Apportation                    Translocation                1
 x - a book of Party Tricks

   Spells                             Type                      Level
   a - Summon Butterflies             Summoning                    1
   b - Apportation                    Translocation                1
   c - Tukima's Dance                 Hexes                        3
   d - Alistair's Intoxication        Transmutation/Poison         4
   e - Invisibility                   Hexes                        6
 y - a book of Enchantments

   Spells                             Type                      Level
   a - Cause Fear                     Hexes                        4
   b - Yara's Violent Unravelling     Hexes/Transmutation          5
   c - Silence                        Hexes/Air                    5
   d - Deflect Missiles               Charms/Air                   6
   e - Haste                          Charms                       6
   f - Discord                        Hexes                        8
 z - a book of Frost

   Spells                             Type                      Level
   a - Freeze                         Ice                          1
   b - Throw Frost                    Conjuration/Ice              2
   c - Ozocubu's Armour               Charms/Ice                   3
   d - Throw Icicle                   Conjuration/Ice              4
   e - Summon Ice Beast               Ice/Summoning                4
   f - Condensation Shield            Ice                          4
Comestibles
 c - 8 bread rations
 p - 7 meat rations
 A - 11 fruits
 B - 9 royal jellies
 D - 7 beef jerkies


   Skills:
 + Level 4.4 Fighting
 + Level 4.8 Short Blades
 + Level 3.1 Dodging
 - Level 11.2 Stealth
 - Level 7.5 Spellcasting
 - Level 5.0 Conjurations
 - Level 1.0 Summonings
 - Level 1.0 Translocations
 - Level 6.0 Ice Magic
 * Level 3.2 Air Magic
 - Level 1.2 Poison Magic
 - Level 10.1 Invocations


You had 5 spell levels left.
You knew the following spells:

 Your Spells              Type           Power        Failure   Level  Hunger
a - Magic Dart            Conj           ####         1%          1    None
b - Blink                 Tloc           N/A          1%          2    None
c - Repel Missiles        Chrm/Air       ###...       1%          2    None
d - Mephitic Cloud        Conj/Pois/Air  #####...     1%          3    None
e - Call Imp              Summ           ###.....     1%          2    None
f - Conjure Flame         Conj/Fire      ####....     1%          3    None
g - Summon Butterflies    Summ           ###.....     1%          1    None
h - Freezing Cloud        Conj/Ice/Air   #####.....   41%         6    #####..


Dungeon Overview and Level Annotations

Branches:
Dungeon (11/15)            Temple (0/1) D:7            Lair (0/8) D:9
    Orc: D:9-12

Altars:
Cheibriados
Dithmenos
Yredelemnul

Shops:
D:4 !*=(


Innate Abilities, Weirdness & Mutations

You cannot wear most types of armour.
You are amphibious.
You can wear up to eight rings at the same time.
You can use your tentacles to constrict eight enemies at once.
Your skin changes colour to match your surroundings (Stealth).
Your rubbery body absorbs attacks (AC +1).
One of your tentacles bears a spike.
You are partially covered in rough black scales (AC +4, Dex -1).
You expend magic power (3 MP) to strengthen your wands.


Message History

The minotaur throws a silver tomahawk.
The silver tomahawk is repelled.
You feel less protected from missiles.
The minotaur throws a silver tomahawk.
The silver tomahawk hits you!! The silver sears you!
The minotaur throws a silver tomahawk.
The silver tomahawk closely misses you.
You see here a silver tomahawk.
You start to feel less resistant.
The minotaur hits you with a lightning rod!!
The minotaur gores you.
* * * LOW HITPOINT WARNING * * *
You are too injured to fight recklessly!
Casting: Mephitic Cloud
Confirm with . or Enter, or press ? or * to list all spells.
Okay, then.
You hit the minotaur but do no damage. You grab the minotaur.
You pierce the minotaur, but do no damage.
The minotaur is almost dead.
You constrict the minotaur, but do no damage.
The minotaur hits you with a lightning rod!!
You die...

##########
. ...
...#.# ##
#.#.. #
#.ยง <#
#..#
#(####(#..
#..H@((#.#
#.########.
#. # #...
.... #.# #
# ### ##.
.. # #.
.... . #
... . .# .
.. # # # #.
# # # # .
.. .#.# # #
# ### #


You could see a minotaur.

Vanquished Creatures
  Snorg (D:10)
  An unseen horror (D:10)
  A hill giant (D:10)
  Pikel (D:5)
  Maurice (D:9)
  Psyche (D:9)
  Joseph (D:10)
  Sigmund (D:3)
  A deep elf mage (D:11)
  9 yaks
  A hippogriff (D:10)
  Edmund (D:5)
  Menkaure (D:5)
  A mottled dragon (D:10)
  A soldier ant (D:9)
  5 orc warriors
  A black bear (D:9)
  6 porcupines (D:9)
  A sky beast (D:8)
  2 wasps (D:9)
  2 ice beasts
  A necrophage (D:5)
  4 ogres
  6 giant frogs
  A phantom (D:5)
  Blork the orc (D:5)
  4 crocodiles (D:9)
  4 centaurs
  A big kobold (D:8)
  2 water moccasin zombies (D:6)
  2 scorpions
  5 killer bees (D:8)
  The ghost of Ijustatesigmund the Poker, a weakling MfSk (D:3)
  5 hounds
  3 giant frog zombies
  A wasp zombie (D:9)
  2 centaur zombies (D:6)
  A jelly (D:5)
  2 quasits
  4 crimson imps
  13 orc priests
  2 giant frog skeletons (D:6)
  12 orc wizards
  Jessica (D:3)
  2 centaur skeletons
  6 worker ants
  A killer bee zombie (D:6)
  9 sheep (D:9)
  A hound zombie (D:9)
  2 hound skeletons
  A worker ant zombie (D:8)
  4 gnolls
  8 adders
  8 river rats (D:9)
  An ooze (D:2)
  3 worms
  2 adder skeletons (D:6)
  4 giant geckos
  50 orcs
  3 ball pythons
  2 giant cockroaches
  17 goblins
  5 hobgoblins
  11 kobolds
  4 quokkas
  5 bats
  9 giant newts
  4 jackals (D:7)
  A quokka skeleton (D:6)
  3 rats
284 creatures vanquished.

Vanquished Creatures (others)
  A centaur (D:5)
  A crimson imp (D:5)
  An adder (D:5)
  A giant gecko (D:5)
4 creatures vanquished.

Grand Total: 288 creatures vanquished

Notes
Turn   | Place    | Note
--------------------------------------------------------------
     0 | D:1      | Ijustatesigmund the Octopode Wizard began the quest for the Orb.
     0 | D:1      | Reached XP level 1. HP: 11/11 MP: 4/4
   292 | D:2      | Reached XP level 2. HP: 7/17 MP: 0/6
  1098 | D:1      | Reached skill level 4 in Stealth
  1098 | D:1      | Reached XP level 3. HP: 4/21 MP: 5/7
  1563 | D:1      | Learned a level 2 spell: Blink
  1566 | D:1      | Learned a level 2 spell: Repel Missiles
  1571 | D:1      | Learned a level 3 spell: Mephitic Cloud
  1640 | D:2      | You fall through a shaft for 2 floors!
  1640 | D:4      | Found Vuts's Jewellery Shop.
  1647 | D:4      | Reached skill level 1 in Short Blades
  1647 | D:4      | Reached XP level 4. HP: 19/27 MP: 2/8
  1650 | D:4      | Gained mutation: You are partially covered in rough black scales (AC +4, Dex -1). [potion of mutation]
  1650 | D:4      | Gained mutation: One of your tentacles bears a spike. [potion of mutation]
  1650 | D:4      | Gained mutation: You expend magic power (3 MP) to strengthen your wands. [potion of mutation]
  1665 | D:4      | Reached skill level 5 in Stealth
  1685 | D:4      | Reached XP level 5. HP: 16/31 MP: 1/9
  1762 | D:4      | Found Ubill's Weapon Emporium.
  1780 | D:3      | Noticed Jessica
  1784 | D:3      | Killed Jessica
  1877 | D:2      | Found a snail-covered altar of Cheibriados.
  1886 | D:2      | Became a worshipper of Cheibriados the Contemplative
  2298 | D:2      | Reached * piety under Cheibriados
  2460 | D:3      | Found a basalt altar of Yredelemnul.
  2523 | D:3      | Noticed Sigmund
  2663 | D:3      | Reached skill level 1 in Air Magic
  2672 | D:3      | Noticed Ijustatesigmund's ghost (weakling MfSk)
  2698 | D:3      | Killed Ijustatesigmund's ghost
  2698 | D:3      | Reached skill level 6 in Stealth
  2698 | D:3      | Reached skill level 1 in Poison Magic
  2698 | D:3      | Reached XP level 6. HP: 23/36 MP: 10/10
  2702 | D:3      | Learned a level 2 spell: Call Imp
  2991 | D:3      | Reached skill level 1 in Fighting
  3161 | D:3      | Killed Sigmund
  3161 | D:3      | Reached XP level 7. HP: 21/46 MP: 2/11
  3273 | D:3      | Reached ** piety under Cheibriados
  3662 | D:4      | Found Gubisirgh's Distillery.
  3665 | D:4      | Bought a potion of curing for 42 gold pieces
  3731 | D:4      | Found Nuecwap's Assorted Antiques.
  3739 | D:4      | Bought a scroll labeled LIGUPAURON for 19 gold pieces
  3739 | D:4      | Bought a scroll labeled AWUINAUZ DUEVI for 19 gold pieces
  3739 | D:4      | Bought a scroll labeled EBLEADWIGU for 19 gold pieces
  3798 | D:4      | Got a crude hand axe
  3799 | D:4      | Identified the +6 hand axe "Veboeh" {freeze, +Blink} (You found it on level 4 of the Dungeon)
  3852 | D:4      | Found a shadowy altar of Dithmenos.
  4213 | D:5      | Entered Level 5 of the Dungeon
  4217 | D:5      | Reached skill level 7 in Stealth
  4225 | D:5      | Learned a level 3 spell: Conjure Flame
  4318 | D:5      | Noticed Pikel
  4322 | D:5      | Reached XP level 8. HP: 54/54 MP: 4/14
  4337 | D:5      | Killed Pikel
  4337 | D:5      | Reached skill level 9 in Stealth
  4337 | D:5      | Reached skill level 5 in Spellcasting
  4340 | D:5      | Noticed Edmund
  4406 | D:5      | Killed Edmund
  4619 | D:5      | Noticed Menkaure
  4623 | D:5      | Killed Menkaure
  4623 | D:5      | Reached skill level 10 in Stealth
  4689 | D:5      | Reached XP level 9. HP: 57/57 MP: 5/18
  4828 | D:5      | Noticed Blork the orc
  4844 | D:5      | Killed Blork the orc
  4844 | D:5      | Reached *** piety under Cheibriados
  5300 | D:6      | Reached skill level 11 in Stealth
  6107 | D:7      | Reached **** piety under Cheibriados
  6386 | D:7      | Found a staircase to the Ecumenical Temple.
  6626 | D:7      | Reached skill level 5 in Conjurations
  6626 | D:7      | Reached skill level 1 in Invocations
  6626 | D:7      | Reached XP level 10. HP: 57/62 MP: 1/21
  7314 | D:8      | Reached ***** piety under Cheibriados
  7378 | D:8      | Reached skill level 5 in Invocations
  7547 | D:8      | You fall through a shaft!
  7549 | D:9      | Found a staircase to the Lair.
  7946 | D:9      | Learned a level 1 spell: Summon Butterflies
  7953 | D:9      | Learned a level 6 spell: Freezing Cloud
  8042 | D:9      | Reached skill level 1 in Ice Magic
  8047 | D:9      | Paralysed by a wasp for 3 turns
  8263 | D:9      | Noticed Psyche
  8280 | D:9      | Killed Psyche
  8427 | D:9      | Noticed Maurice
  8483 | D:9      | Reached XP level 11. HP: 47/69 MP: 3/22
  8491 | D:10     | Entered Level 10 of the Dungeon
  8605 | D:10     | Noticed a hill giant
  8784 | D:9      | Killed Maurice
  9755 | D:8      | Reached skill level 5 in Ice Magic
 10258 | D:10     | Killed a hill giant
 10268 | D:10     | Killed an unseen horror
 10268 | D:10     | Reached skill level 10 in Invocations
 10406 | D:10     | Noticed Joseph
 10446 | D:10     | Killed Joseph
 10708 | D:10     | Noticed Snorg
 10742 | D:10     | Killed Snorg
 11118 | D:11     | Reached ****** piety under Cheibriados
 11122 | D:11     | Found a labyrinth entrance.
 11137 | Lab      | Entered a labyrinth
 11711 | Lab      | Noticed a minotaur
 11745 | Lab      | Slain by a minotaur

Vault maps used:
D:1:      denvon_arrival_planthouse
D:2:      kennysheep_the_goblin_king, cheibriados_altar_1
D:3:      lemuel_round_altar, st_stairs_1, lightli_corner_chamber, uniq_jessica,
          uniq_sigmund
D:4:      nicolae_dithmenos_the_darkroom, serial_shops, kennysheep_mini_moat,
          shop, shop, shop
D:5:      first_bread, uniq_menkaure, uniq_edmund, uniq_blork_the_orc,
          uniq_pikel
D:6:      serial_undead, serial_undead_e, serial_undead_a, serial_undead_d,
          serial_undead_c, minivault_19, hangedman_decor_peaks_small
D:7:      minmay_temple_entry_grid
D:9:      minmay_lair_entry_grove, hangedman_pestilent_swarm, nicolae_sextant,
          uniq_maurice, uniq_psyche
D:10:     dk_vineyard_3, uniq_joseph, uniq_snorg
D:11:     orc_0_dummy, lab_entry_generic
Lab:      labyrinth_spiral

Action                   |  1- 3 |  4- 6 |  7- 9 | 10-12 || total
-------------------------+-------+-------+-------+-------++-------
Melee: Unarmed           |     2 |       |       |       ||     2
       Dagger            |     7 |       |       |       ||     7
       Short sword       |    22 |    80 |   155 |   196 ||   453
       Hand axe          |       |       |     8 |       ||     8
 Cast: Magic Dart        |    34 |    73 |   149 |   233 ||   489
       Mephitic Cloud    |     1 |     5 |    12 |    40 ||    58
       Repel Missiles    |     1 |       |     1 |     1 ||     3
       Blink             |       |       |     7 |     8 ||    15
       Conjure Flame     |       |       |    10 |     9 ||    19
       Call Imp          |       |       |     1 |     3 ||     4
       Summon Butterflie |       |       |       |     1 ||     1
Invok: Slouch            |       |       |       |     7 ||     7
Evoke: Wand              |       |       |       |     1 ||     1
  Use: Scroll            |     2 |     3 |    12 |    11 ||    28
       Potion            |     1 |     1 |     2 |     6 ||    10
 Stab: Sleeping          |     3 |     3 |     5 |     7 ||    18
       Confused          |       |     1 |     2 |    11 ||    14
       Distracted        |       |       |       |     2 ||     2
  Eat: Chunk             |     2 |     3 |     5 |     5 ||    15
       Pizza             |       |     1 |       |     1 ||     2
       Fruit             |       |       |       |    11 ||    11
